AoeStats
← javidiazm95

Nomad

503572087Analyzed
2v2 RM · 1mo ago on Sep 1, 2026· 65m 17s· 4 players
Game mode
Random Map
Map size
176×176
Population
200
Speed
Normal
Resources
Standard
Victory
Conquest
Starting age
Dark Age
Ending age
Imperial Age
RankedLock teamsTeams togetherTeam positionsShared explorationLock speedFull tech treeHidden civsTurbo modeCheats
Victory
Defeat
🇩🇪 Bulgarians · Germany
809
+19
🇩🇪 Spanish · Germany
806
+19
914
-21
🇪🇸 Romans · Spain
839
-17
笨手笨脚还爱玩
7:10 Loom
18:16 Feudal Age
18:49 Double-Bit Axe
22:33 Castle Age
20:42 Scale Barding Armor
20:56 Horse Collar
21:19 Fishing Lines
21:28 Fishing Lines
23:19 Squires
23:04 Arson
23:38 Forging
28:03 Bow Saw
30:37 Heavy Plow
32:08 Wheelbarrow
34:05 Hand Cart
37:12 Murder Holes
37:38 Ballistics
45:01 Imperial Age
43:04 Elite Skirmisher
43:58 Bloodlines
43:49 Husbandry
43:44 Pikeman
44:56 Chain Barding Armor
45:11 Iron Casting
44:27 Fletching
44:38 Padded Archer Armor
44:52 Masonry
47:05 Crop Rotation
46:11 Cavalier
47:36 Conscription
47:38 Bodkin Arrow
48:51 Chemistry
47:37 Light Cavalry
49:06 Conscription
49:00 Gillnets
52:12 Tower Shields
53:18 Two-Man Saw
54:24 Plate Barding Armor
54:05 Leather Archer Armor
54:25 Paladin
57:04 Winged Hussar
javidiazm95
3:00 Loom
16:22 Feudal Age
19:28 Wheelbarrow
21:13 Castle Age
19:29 Horse Collar
20:51 Stone Mining
21:21 Double-Bit Axe
22:52 Wheelbarrow
22:20 Heavy Plow
24:26 Bow Saw
26:39 Hand Cart
26:32 Gold Mining
28:31 Gold Shaft Mining
28:36 Pikeman
31:12 Ballistics
33:27 Padded Archer Armor
36:09 Imperial Age
40:31 Ballistas
41:46 Chemistry
40:55 Halberdier
43:32 Capped Ram
44:37 Heavy Scorpion
47:49 Siege Ram
Hectorelchief1
11:47 Loom
13:40 Feudal Age
14:28 Horse Collar
14:36 Double-Bit Axe
23:31 Castle Age
24:08 Forging
24:04 Scale Barding Armor
24:35 Bow Saw
25:04 Bloodlines
27:13 Husbandry
29:13 Wheelbarrow
30:04 Squires
30:53 Fishing Lines
31:13 Pikeman
33:15 Elite Skirmisher
34:57 Wheelbarrow
37:25 Imperial Age
36:01 Ballistics
36:06 Town Watch
39:15 Hand Cart
40:51 Arson
44:26 Chemistry
43:22 Murder Holes
44:18 Fortified Wall
44:24 Cavalier
52:04 Light Cavalry
55:54 Halberdier
57:57 Town Patrol
TotalDish7778
14:26 Feudal Age
15:23 Double-Bit Axe
17:58 Fishing Lines
24:41 Castle Age
23:18 Stone Mining
25:23 Wheelbarrow
25:38 Pikeman
29:22 Squires
33:04 Bow Saw
34:11 Horse Collar
35:30 Loom
39:58 Imperial Age
37:45 Heavy Plow
38:50 Gold Mining
39:36 Stone Shaft Mining
40:32 Husbandry
40:44 Bloodlines
41:01 Cavalier
42:56 Light Cavalry
44:02 Conscription
43:47 Bagains
44:57 Ballistics
44:45 Murder Holes
45:39 Forging
45:19 Fletching
45:00 Hussar
45:32 Town Watch
46:46 Iron Casting
46:22 Stirrups
46:49 Bodkin Arrow
47:03 Scale Barding Armor
47:34 Bracer
48:36 Blast Furnace
49:09 Chain Barding Armor
50:33 Gold Shaft Mining
49:38 Elite Konnik
59:21 Halberdier
61:13 Capped Ram
65:27 Scale Mail Armor
Connection lost

Rejoining the realm…

Still unreachable

The connection could not be restored.

Session expired

The server has moved on; the page needs a fresh start.